 Dungeon Crawl Stone Soup version 0.29-a0-810-g3812dd5c9c (webtiles) character file.

Game seed: 8622103328653573112

126579 Morbidden the Destroyer (level 16, -3/120 HPs)
             Began as a Demonspawn Conjurer on July 4, 2022.
             Was the Champion of Cheibriados.
             Slain by a salamander
             ... wielding a +0 glaive
              (5 damage)
             ... on level 3 of the Snake Pit.
             The game lasted 00:56:09 (36337 turns).

Morbidden the Destroyer (Demonspawn Conjurer)      Turns: 36337, Time: 00:56:10

Health: -3/120     AC: 14    Str: 26    XL:     16   Next: 44%
Magic:  26/49      EV: 23    Int: 40    God:    Cheibriados [******]
Gold:   698        SH:  0    Dex: 26    Spells: 10/38 levels left

rFire   + . .      SeeInvis .     - Unarmed
rCold   . . .      Faith    .   (no shield)
rNeg    . . .      Spirit   .   s - +2 steam dragon scales
rPois   .          Reflect  .   V - +2 helmet
rElec   .          Harm     .   W - +2 cloak
rCorr   .          Rampage  .   (no gloves)
Will    +....                   n - +0 pair of boots
Stlth   ++++......              M - amulet of magic regeneration
HPRegen 0.30/turn               D - ring of magical power
MPRegen 0.71/turn               h - ring of magical power

@: lethally poisoned (-3 -> -12), very slightly contaminated, slowed, very slow
A: claws 2, repulsion field 1, foul stench 3, icemail 2, condensation shield,
fire resistance 1
a: Renounce Religion, Bend Time, Temporal Distortion, Slouch, Step From Time


You were on level 3 of the Snake Pit.
You worshipped Cheibriados.
Cheibriados was exalted by your worship.
You visited 5 branches of the dungeon, and saw 27 of its levels.
You visited 1 bazaar.
You also visited: Sewer.

You collected 2797 gold pieces.
You spent 2099 gold pieces at shops.

Inventory:

Hand Weapons
 a - a +6 dagger of draining
 o - a +2 scimitar
Missiles
 w - 2 throwing nets
 N - a curare-tipped dart (quivered)
Armour
 n - a +0 pair of boots (worn)
 s - +2 steam dragon scales (worn)
 z - a +1 leather armour of fire resistance
 G - the +6 chain mail of Wrong Decisions {-Tele Harm Dex+3 SInv}
   (You bought it in a shop in a bazaar)

   Dex:       It affects your dexterity (+3).
   SInv:      It lets you see invisible.
   -Tele:     It prevents most forms of teleportation.
   Harm:      It increases damage dealt and taken.
 V - a +2 helmet (worn)
 W - a +2 cloak (worn)
Jewellery
 h - a ring of magical power (right claw)
 C - a ring of ice
 D - a ring of magical power (left claw)
 F - a +4 ring of protection
 K - a ring of flight
 L - a ring of ice
 M - an amulet of magic regeneration (around neck)
 O - the amulet of the Ubiquitous Cherry {Reflect Int+5 SH+5}
   (You bought it in a shop in a bazaar)

   [amulet of reflection]

   It reflects blocked missile attacks.
   Int:       It affects your intelligence (+5).
   SH:        It affects your SH (+5).
 R - an amulet of regeneration
 X - a +4 ring of protection
Wands
 t - a wand of mindburst (20)
 x - a wand of iceblast (50)
 y - a wand of paralysis (21)
 Y - a wand of digging (5)
 Z - a wand of flame (2)
Scrolls
 c - 24 scrolls of identify
 d - a scroll of summoning
 g - a scroll of poison
 i - 7 scrolls of fear
 m - 5 scrolls of blinking
 p - 10 scrolls of teleportation
 r - 2 scrolls of magic mapping
 A - 6 scrolls of amnesia
 B - 2 scrolls of fog
 J - 2 scrolls of enchant armour
Potions
 b - 2 potions of invisibility
 e - 6 potions of attraction
 f - 7 potions of curing
 j - 4 potions of haste
 k - 7 potions of heal wounds
 l - 5 potions of mutation
 q - 3 potions of brilliance
 u - 7 potions of lignification
 v - 14 potions of degeneration
 E - 5 potions of berserk rage {unknown}
 H - a potion of cancellation {unknown}
 P - 4 potions of might {unknown}
 Q - a potion of flight {unknown}
 S - a potion of resistance {unknown}
 T - a potion of magic
 U - 7 potions of ambrosia
Miscellaneous
 I - a tin of tremorstones (2/2)


   Skills:
 * Level 9.0 Fighting
 + Level 1.6 Short Blades
 + Level 2.7 Armour
 * Level 9.4 Dodging
 + Level 4.9 Stealth
 + Level 3.1 Shields
 * Level 9.9 Unarmed Combat
 * Level 11.9 Spellcasting
 * Level 12.0 Conjurations
 * Level 7.6 Translocations
 * Level 6.9 Transmutations
 * Level 7.4 Earth Magic
 * Level 10.2 Invocations
 * Level 7.9 Evocations


You had 10 spell levels left.
You knew the following spells:

 Your Spells              Type           Power      Damage    Failure   Level
a - Iron Shot             Conj/Erth      40%        9d8       4%          6
b - Searing Ray           Conj           100%       2d8       0%          2
c - Magic Dart            Conj           100%       1d8       0%          1
d - Manifold Assault      Tloc           71%        N/A       1%          5
s - Irradiate             Conj/Tmut      39%        3d26      1%          5
x - Blade Hands           Tmut           34%        N/A       2%          5
z - Iskenderun's Mystic   Conj/Tloc      80%        2d16      1%          4

Your spell library contained the following spells:

 Spells                   Type           Power      Damage    Failure   Level
 Beastly Appendage        Tmut           100%       N/A       1%          1
 Foxfire                  Conj/Fire      100%       2x1d9     1%          1
 Blink                    Tloc           100%       N/A       1%          2
 Wereblood                Tmut           68%        N/A       1%          2
 Conjure Flame            Conj/Fire      64%        6-21      1%          3
 Dazzling Flash           Conj/Hex       100%       N/A       1%          3
 Lesser Beckoning         Tloc           71%        N/A       1%          3
 Portal Projectile        Hex/Tloc       100%       N/A       1%          3
 Spider Form              Tmut/Pois      51%        N/A       1%          3
 Flame Wave               Conj/Fire      64%        2d12      1%          4
 Fulminant Prism          Conj/Hex       32%        3d16      1%          4
 Petrify                  Tmut/Erth      69%        N/A       1%          4
 Sublimation of Blood     Necr           23%        N/A       2%          2
 Animate Armour           Summ/Erth      100%       N/A       3%          4
 Inner Flame              Hex/Fire       23%        N/A       4%          3
 Tukima's Dance           Hex            23%        N/A       4%          3
 Summon Hydra             Summ           11%        N/A       100%        7


Dungeon Overview and Level Annotations

Branches:
Dungeon (15/15)            Temple (1/1) D:7            Lair (6/6) D:11
 Shoals (0/4) Lair:3        Snake (3/4) Lair:4        Slime (0/5) Lair:5
    Orc (2/2) D:11            Elf (0/3) Orc:2        Vaults (0/5) D:13
 Depths (0/4) D:15          Sewer (visited)

Altars:
Ashenzari
Cheibriados
Dithmenos
Fedhas
Gozag
Hepliaklqana
Kikubaaqudgha
Makhleb
Nemelex Xobeh
Okawaru
Qazlal
Ru
Sif Muna
Trog
Uskayaw
Vehumet
Wu Jian
Xom
Yredelemnul
Jiyva

Shops:
D:2 =   D:4 *   D:8 [(=   Orc:2 ((::

Portals:
Hell: Lair:6

Annotations:
D:5 3 runed translucent doors, capka3m's ghost, novice MeEE; mn3067's ghost, novice MfFi; triguntf's ghost, amateur MiFi
D:13 4 transporters
Lair:1 2 runed translucent doors, Ateoteh's ghost, journeyman OgCK


Innate Abilities, Weirdness & Mutations

You have very sharp fingernails.
You are surrounded by a mild repulsion field. (EV +2)
You frequently emit foul miasma when damaged in melee.
A meltable icy envelope protects you from harm. (AC +0)
A meltable shield of frost defends you. (SH +0)
Your flesh is heat resistant. (rF+)


Message History

Activating: Slouch (1% risk of failure)
Press: ? - help, Dir - look around, f - activate You can feel time thicken for a moment.
You kill the salamander!
Cheibriados appreciates the change of pace.
You feel very sick.
The naga mage is engulfed in dark miasma.
The naga mage hits you with a +0 spear.
* * * LOW HITPOINT WARNING * * *
The naga mage barely misses you.
The salamander mystic completely misses you.
The salamander misses you.
The naga mage is engulfed in dark miasma.
You kill the naga mage!
Cheibriados appreciates the change of pace.
Unknown command.
Unknown command.
Unknown command.
Unknown command.
Unknown command.
Activating: Slouch (1% risk of failure)
Press: ? - help, Dir - look around, f - activate You can feel time thicken for a moment.
You kill the naga!
Cheibriados thoroughly appreciates the change of pace.
You feel very sick.
The salamander mystic gestures at you while chanting.
The bolt of magma hits you. You partially resist.
* * * LOW HITPOINT WARNING * * *
The salamander hits you from afar with a +0 glaive!
* * * LOW HITPOINT WARNING * * *
You are engulfed in flames!
You resist.
* * * LOW HITPOINT WARNING * * *
The salamander mystic hits you but does no damage.
The salamander wields a +0 shortbow of flaming.
It bursts into flame!
The salamander shoots an arrow.
The arrow misses you.
The salamander hits you from afar with a +0 glaive!
* * * LOW HITPOINT WARNING * * *
You are engulfed in flames.
You resist.
You die...

########.##
+..........+..........
###..........#####......
#............# #..####
#............# #..#
#.......)....# #..#
'......NN....#####..##
'.....N°.....+...[...###
#.....○@)....+..........
##..........###.........
##........## ####.))###
######''## #.))# #..#
#.).# #..# #...# #..#
#...# #..########...#
#.............#


You could see a salamander mystic and 2 salamanders.

Vanquished Creatures
  Jorgrun (D:15)
  A frost giant (D:15)
  An orc warlord (Orc:2)
  Nessos (D:13)
  A dire elephant (Lair:1)
  8 vault guards (D:13)
  13 hydras
  A hell beast (Lair:6)
  Fannar (Orc:1)
  8 two-headed ogres (Orc:2)
  Erica (D:11)
  4 boulder beetles
  5 anacondas
  4 centaur warriors
  3 ogre magi
  5 death yaks (Lair:3)
  2 tengu warriors (D:15)
  6 naga warriors
  A naga sharpshooter (Snake:2)
  6 shock serpents
  2 deep trolls (Orc:2)
  3 skeletal warriors (D:13)
  A wizard (Lair:6)
  3 orc knights
  3 deep elf pyromancers
  A mana viper (Snake:1)
  3 orc sorcerers
  15 ugly things
  6 cyclopes
  A wolf spider (D:15)
  6 salamanders
  A manticore (shapeshifter) (D:14)
  Maurice (D:8)
  10 elephants
  A merfolk siren (Lair:3)
  3 manticores
  4 orange demons (Lair:6)
  A smoke demon (Lair:6)
  14 black mambas
  5 naga magi
  2 gargoyles
  11 cane toads
  Maggie (D:9)
  15 komodo dragons
  6 rime drakes
  A queen bee (Lair:2)
  A red devil (Lair:6)
  11 trolls
  A polar bear (Lair:1)
  A merfolk (Lair:3)
  6 hornets (Lair:6)
  4 slime creatures
  10 blink frogs
  13 dream sheep
  2 shadows
  2 vampires
  A wraith (D:13)
  52 yaks
  3 wyverns
  7 basilisks
  3 steam dragons
  6 vampire mosquitoes
  2 wargs (Orc:2)
  19 nagas
  3 acid dragons
  4 hell hounds (Lair:6)
  A floating eye (shapeshifter) (D:15)
  28 water moccasins
  Duvessa (D:6)
  2 ice beasts (D:6)
  A swamp drake (D:11)
  4 black bears (D:11)
  15 orc warriors
  23 ogres
  18 centaurs
  38 wolves
  A phantom (D:7)
  3 kobold brigands
  10 necrophages
  17 bullfrogs
  5 gnoll sergeants
  4 scorpions
  5 wights (D:6)
  Dowan (D:6)
  25 killer bees (Lair:2)
  An electric eel (Lair:3)
  4 howler monkeys
  5 jellies
  5 hounds
  7 orc priests
  5 iguanas
  16 orc wizards
  20 gnolls
  9 adders
  2 ufetubi
  2 worms (D:6)
  3 dart slugs
  50 orcs
  11 endoplasms
  14 giant cockroaches
  3 goblins
  4 hobgoblins
  5 jackals
  20 kobolds
  9 quokkas
  10 ball pythons
  5 bats
  11 frilled lizards
  6 rats
  A bush (Lair:5)
774 creatures vanquished.

Vanquished Creatures (collateral kills)
  A boulder beetle (D:11)
  A hydra (D:14)
  A harpy (shapeshifter) (D:14)
3 creatures vanquished.

Vanquished Creatures (others)
  A troll (Orc:2)
  60 fungi
  123 plants
184 creatures vanquished.

Grand Total: 961 creatures vanquished

Notes
Turn   | Place    | Note
-------+----------+-------------------------------------------
     0 | D:1      | Morbidden the Demonspawn Conjurer began the quest for the
                  | Orb.
     0 | D:1      | Reached XP level 1. HP: 13/13 MP: 3/3
   545 | D:1      | Gained mutation: A meltable shield of frost defends you.
                  | (SH +0) [demonic ancestry]
   545 | D:1      | Reached XP level 2. HP: 19/20 MP: 0/5
  2081 | D:2      | Reached XP level 3. HP: 25/25 MP: 4/6
  2444 | D:2      | Found Aggoj's Jewellery Shop.
  2466 | D:2      | Found a faded altar of an unknown god.
  3020 | D:3      | Learned a level 2 spell: Searing Ray
  3047 | D:3      | Found a stormy altar of Qazlal.
  3193 | D:3      | Gained mutation: A meltable icy envelope protects you from
                  | harm. (AC +0) [demonic ancestry]
  3193 | D:3      | Reached XP level 4. HP: 31/31 MP: 1/7
  3604 | D:3      | Reached skill level 1 in Fighting
  3897 | D:3      | Found a bloodstained altar of Trog.
  4155 | D:4      | Noticed a scorpion
  4170 | D:4      | Killed a scorpion
  4171 | D:4      | Reached skill level 5 in Conjurations
  4171 | D:4      | Reached XP level 5. HP: 33/37 MP: 4/9
  4688 | D:4      | Reached XP level 6. HP: 43/43 MP: 7/10
  4824 | D:4      | Found Xuffostro's Fire Supplies.
  5327 | D:5      | Entered Level 5 of the Dungeon
  5333 | D:5      | Reached skill level 1 in Short Blades
  5433 | D:5      | Learned a level 4 spell: Iskenderun's Mystic Blast
  5511 | D:5      | Noticed a +0 dagger
  5512 | D:5      | Noticed a +0 spear
  5512 | D:5      | Noticed a +0 short sword
  5513 | D:5      | Noticed a +0 short sword
  5513 | D:5      | Noticed a +0 dagger
  5513 | D:5      | Noticed a +0 falchion
  5514 | D:5      | Noticed a +0 falchion
  5514 | D:5      | Noticed a +0 spear
  5514 | D:5      | Noticed a water moccasin
  5626 | D:5      | Found a hide-covered altar of Uskayaw.
  5652 | D:5      | Killed a water moccasin
  5653 | D:5      | Gained mutation: You are surrounded by a mild repulsion
                  | field. (EV +2) [demonic ancestry]
  5653 | D:5      | Reached XP level 7. HP: 44/50 MP: 3/13
  5811 | D:5      | Reached skill level 6 in Conjurations
  6200 | D:5      | Found a runed translucent gate.
  6200 | D:5      | Found a runed translucent gate.
  6200 | D:5      | Found a runed translucent gate.
  6201 | D:5      | Noticed triguntf's ghost (amateur MiFi)
  6202 | D:5      | Noticed capka3m's ghost (novice MeEE)
  6202 | D:5      | Noticed mn3067's ghost (novice MfFi)
  6547 | D:5      | Reached skill level 1 in Translocations
  6653 | D:5      | Reached skill level 1 in Evocations
  6882 | D:6      | Reached skill level 1 in Shields
  6914 | D:6      | Noticed Duvessa
  6914 | D:6      | Noticed Dowan
  6932 | D:6      | Gained mutation: You have sharp fingernails. [demonic
                  | ancestry]
  6932 | D:6      | Reached XP level 8. HP: 28/57 MP: 5/15
  6932 | D:6      | Killed Duvessa
  6933 | D:6      | Reached skill level 5 in Spellcasting
  6933 | D:6      | Killed Dowan
  7109 | D:6      | Found a glowing drain.
  7119 | Sewer    | Entered a sewer
  8192 | D:6      | Reached skill level 1 in Unarmed Combat
  8193 | D:6      | Reached skill level 7 in Conjurations
  8511 | D:6      | Reached skill level 1 in Armour
  8680 | D:6      | Gained mutation: A meltable icy envelope protects you from
                  | harm. (AC +0) [demonic ancestry]
  8680 | D:6      | Reached XP level 9. HP: 58/64 MP: 9/18
  9166 | D:2      | Bought a ring of magical power for 200 gold pieces
  9807 | D:7      | Found a staircase to the Ecumenical Temple.
  9894 | Temple   | Entered the Ecumenical Temple
 10082 | Temple   | Became a worshipper of Cheibriados the Contemplative
 10520 | D:8      | Found a shimmering blue altar of Sif Muna.
 10569 | D:8      | Reached skill level 1 in Invocations
 10716 | D:8      | Noticed Maurice
 10722 | D:8      | Killed Maurice
 11149 | D:8      | Found Dyjoon's Weapon Emporium.
 11189 | D:8      | Found a sparkling altar of Nemelex Xobeh.
 11198 | D:8      | Found Zeetujo's Jewellery Shoppe.
 11307 | D:8      | Found Batypn's Antique Armour Emporium.
 11504 | D:9      | Reached XP level 10. HP: 72/72 MP: 19/19
 11558 | D:9      | Reached * piety under Cheibriados
 11891 | D:9      | Identified the +5 battleaxe of Dissolution {flame, rC+
                  | Dex+4}
 12137 | D:9      | Learned a level 6 spell: Iron Shot
 12143 | D:9      | Learned a level 5 spell: Blade Hands
 12217 | D:9      | Noticed Maggie
 12233 | D:9      | Killed Maggie
 12278 | D:9      | Reached skill level 5 in Dodging
 12712 | D:10     | Entered Level 10 of the Dungeon
 12854 | D:10     | Reached skill level 8 in Conjurations
 12856 | D:10     | Reached skill level 1 in Earth Magic
 12926 | D:10     | Reached ** piety under Cheibriados
 13324 | D:10     | Found a radiant altar of Vehumet.
 13602 | D:11     | Reached skill level 1 in Transmutations
 13658 | D:11     | Noticed Erica
 13670 | D:11     | Killed Erica
 13671 | D:11     | Reached XP level 11. HP: 74/78 MP: 9/22
 13702 | D:11     | Found a staircase to the Lair.
 13719 | D:11     | Reached skill level 5 in Fighting
 13802 | D:11     | Noticed a boulder beetle
 13820 | D:11     | Killed a boulder beetle
 14229 | D:11     | Reached *** piety under Cheibriados
 14380 | D:11     | Found a staircase to the Orcish Mines.
 14713 | Lair:1   | Entered Level 1 of the Lair of Beasts
 14815 | D:8      | Bought a faintly glowing chain mail for 256 gold pieces
 14815 | D:8      | Identified the +0 chain mail of Der All {rCorr Str+5 Int-4
                  | Stlth+} (You bought it in a shop on level 8 of the Dungeon)
 15395 | Lair:1   | Reached **** piety under Cheibriados
 15495 | Lair:1   | Found a large runed translucent door.
 15495 | Lair:1   | Found a large runed translucent door.
 15497 | Lair:1   | Noticed Ateoteh's ghost (journeyman OgCK)
 15502 | Lair:1   | Noticed a dire elephant
 15515 | Lair:1   | Killed a dire elephant
 15516 | Lair:1   | Reached skill level 9 in Conjurations
 15516 | Lair:1   | Reached skill level 5 in Invocations
 16510 | Lair:2   | Gained mutation: You may rarely emit foul miasma when
                  | damaged in melee. [demonic ancestry]
 16510 | Lair:2   | Reached XP level 12. HP: 87/87 MP: 24/24
 16522 | Lair:2   | Reached ***** piety under Cheibriados
 17519 | Lair:3   | Reached skill level 5 in Evocations
 17644 | Lair:3   | Reached skill level 5 in Unarmed Combat
 17718 | Lair:3   | Noticed a death yak
 17732 | Lair:3   | Killed a death yak
 17978 | Lair:3   | Reached skill level 5 in Translocations
 18006 | Lair:3   | Noticed a death yak
 18006 | Lair:3   | Noticed a death yak
 18006 | Lair:3   | Noticed a death yak
 18007 | Lair:3   | Noticed a death yak
 18015 | Lair:3   | Killed a death yak
 18018 | Lair:3   | Killed a death yak
 18022 | Lair:3   | Killed a death yak
 18045 | Lair:3   | Killed a death yak
 18119 | Lair:3   | Identified the +0 pair of boots "Laxum" {rF- Str+5}
 18343 | Lair:3   | Found a staircase to the Shoals.
 18889 | Lair:3   | Noticed a five-headed hydra
 18906 | Lair:3   | Killed a five-headed hydra
 19572 | Lair:4   | Found a staircase to the Snake Pit.
 19749 | Lair:4   | Gained mutation: You have very sharp fingernails. [demonic
                  | ancestry]
 19749 | Lair:4   | Reached XP level 13. HP: 94/94 MP: 26/26
 21532 | Lair:5   | Found a viscous altar of Jiyva.
 21533 | Lair:5   | Found a staircase to the Slime Pits.
 21659 | Lair:5   | Learned a level 5 spell: Manifold Assault
 21687 | Lair:5   | Reached ****** piety under Cheibriados
 21724 | Lair:5   | Reached skill level 5 in Earth Magic
 22539 | Lair:6   | Entered Level 6 of the Lair of Beasts
 22556 | Lair:6   | Reached skill level 10 in Conjurations
 23039 | Lair:6   | Reached skill level 5 in Transmutations
 23130 | Lair:6   | Reached XP level 14. HP: 102/103 MP: 20/27
 23484 | Lair:6   | Found a burning altar of Makhleb.
 23706 | Lair:6   | Found a gateway to Hell.
 24720 | D:12     | Reached skill level 10 in Spellcasting
 25925 | D:13     | Found a gate to the Vaults.
 26146 | D:13     | Noticed Nessos
 26152 | D:13     | Killed Nessos
 26333 | D:13     | Found a transporter.
 26333 | D:13     | Found a transporter.
 26335 | D:13     | Found a transporter.
 26716 | D:13     | Found a transporter.
 27417 | D:14     | Gained mutation: You sometimes emit foul miasma when
                  | damaged in melee. [demonic ancestry]
 27417 | D:14     | Reached XP level 15. HP: 61/110 MP: 16/29
 27445 | D:14     | Reached skill level 11 in Conjurations
 28122 | D:14     | Identified the +0 robe of Context {+Blink Str-4 Dex+3
                  | Slay+3}
 28255 | D:15     | Entered Level 15 of the Dungeon
 28568 | D:15     | Found a faded altar of an unknown god.
 28568 | D:15     | Found a hazy altar of Hepliaklqana.
 29287 | D:15     | Noticed Jorgrun
 29333 | D:15     | Killed Jorgrun
 29462 | D:15     | Found a staircase to the Depths.
 29462 | D:15     | Noticed a frost giant
 29471 | D:15     | Killed a frost giant
 29910 | Orc:1    | Entered Level 1 of the Orcish Mines
 30040 | Orc:1    | Noticed Fannar
 30045 | Orc:1    | Killed Fannar
 30684 | Orc:2    | Entered Level 2 of the Orcish Mines
 30687 | Orc:2    | Found a staircase to the Elven Halls.
 30714 | Orc:2    | Noticed an orc warlord
 30735 | Orc:2    | Killed an orc warlord
 30780 | Orc:2    | Found a flickering gateway to a bazaar.
 30790 | Orc:2    | HP: 4/112 [something (49)]
 30792 | Bazaar   | Entered a bazaar
 30792 | Bazaar   | Found Dejeff's Armour Boutique.
 30792 | Bazaar   | Found Veilulir's Jewellery Shoppe.
 30792 | Bazaar   | Found Fymniy's Assorted Antiques.
 30792 | Bazaar   | Found Duhed's Assorted Antiques.
 31172 | Bazaar   | Found Cyetsu's Distillery.
 31172 | Bazaar   | Found Vuumoud's Magic Scroll Emporium.
 31192 | Bazaar   | Bought a scroll of acquirement for 676 gold pieces
 31192 | Bazaar   | Acquired 515 gold pieces
 31194 | Bazaar   | Bought a scroll of blinking for 97 gold pieces
 31194 | Bazaar   | Bought a scroll of enchant armour for 97 gold pieces
 31194 | Bazaar   | Bought a scroll of poison for 45 gold pieces
 31199 | Bazaar   | Bought a potion of heal wounds for 45 gold pieces
 31213 | Bazaar   | Bought a transparent chain mail for 256 gold pieces
 31213 | Bazaar   | Identified the +6 chain mail of Wrong Decisions {-Tele Harm
                  | Dex+3 SInv} (You bought it in a shop in a bazaar)
 31216 | Bazaar   | Bought the amulet of the Ubiquitous Cherry {Reflect Int+5
                  | SH+5} for 427 gold pieces
 31753 | Orc:2    | Found Aliwn's Antique Weapon Shoppe.
 31784 | Orc:2    | Gained mutation: Your flesh is heat resistant. (rF+)
                  | [potion of mutation]
 31796 | Orc:2    | Gained mutation: You frequently emit foul miasma when
                  | damaged in melee. [demonic ancestry]
 31796 | Orc:2    | Reached XP level 16. HP: 83/118 MP: 15/31
 32013 | Orc:2    | Found Dyetumm's Weapon Shoppe.
 32023 | Orc:2    | Found Qopum's Book Shop.
 32034 | Orc:2    | Found Acwuneud's Book Emporium.
 32153 | Orc:2    | Found a shimmering blue altar of Sif Muna.
 32628 | Snake:1  | Entered Level 1 of the Snake Pit
 34415 | Snake:2  | Reached skill level 10 in Invocations
 36212 | Snake:3  | Reached skill level 12 in Conjurations
 36239 | Snake:3  | Learned a level 5 spell: Irradiate
 36337 | Snake:3  | HP: 2/120 [salamander/+0 glaive (9)]
 36337 | Snake:3  | Slain by a salamander

Illustrated notes

Levels and vault maps discovered:
D:1:      lightli_arrival_quake, layout_loops_corners, minmay_domino_4
D:2:      layout_loops_corners, nicolae_ecumenical_oubliette, serial_shops,
          nicolae_shop_window_shopping
D:3:      layout_loops_ring, grunt_qazlal_clouds, trog_book
D:4:      layout_cave_pools, nicolae_shop_fire_sale [nicolae_sub_dead_trees]
D:5:      layout_gridville, nicolae_uskayaw_en_pointe, gammafunk_ghost_cemetery
D:6:      layout_loops_ring, cheibrodos_sewer_entry_bend, minivault_11,
          st_stairs_11, uniq_duvessa
D:7:      layout_basic, minmay_temple_entry_large_hall
D:8:      layout_rooms, mainiacjoe_overflow_big_doors, serial_shops,
          nicolae_shop_window_shopping, kennysheep_mini,
          nicolae_shop_statue_plus, uniq_maurice
D:9:      layout_basic, kennysheep_small_spiral, uniq_maggie
D:10:     layout_long_grid, vehumet_crystals, hangedman_abyss_or_decor_stabs
D:11:     layout_long_grid, due_lair_maze_entry_diamond, erik_orc_1, uniq_erica
D:12:     layout_irregular_city, small_statue_intersection
D:13:     layout_roguey, erik_vaults_2, hex_intersection,
          nicolae_diode_quadrants, uniq_nessos
D:14:     layout_loops_corners, nicolae_titane
D:15:     grunt_enter_depths_snipers, layout_loops_ring,
          beargit_hepliaklqana_dungeon_heroes, uniq_jorgrun
Temple:   nicolae_temple_slightly_damp_pantheon
Lair:1:   layout_regular_city, ebering_ghost_disaster_area,
          nicolae_lair_grazing_beasts [nicolae_sub_lair_graze_edge,
          nicolae_sub_lair_graze_edge, nicolae_sub_lair_graze_edge,
          nicolae_sub_lair_graze_edge], grunt_megastairs_5,
          infiniplex_staircase_pool_2, lemuel_fruit_tree
Lair:2:   layout_roguey [special_room_bee], minmay_lindwurm_lava
Lair:3:   nzn_winding_woodlands_stair_trap [nzn_winding_woodlands_5x15_jagged,
          nzn_winding_woodlands_5x15_lazy_stream,
          nzn_winding_woodlands_5x15_twine,
          nzn_winding_woodlands_15x15_thick_spiral,
          nzn_winding_woodlands_5x15_split_checker,
          nzn_winding_woodlands_5x15_eye,
          nzn_winding_woodlands_5x15_pathside_ponds], layout_loops_ring,
          elwin_shoals_entry_rooms
Lair:4:   layout_layer_cave, minmay_snake_entry_six_corridors,
          roderic_carrion_pond
Lair:5:   layout_cave_pods, minmay_slime_entry_pillars, minivault_25,
          grunt_forest_large_clearings
Lair:6:   evil_forest, layout_gridlike, dreamdust_wasp_nest
Snake:1:  layout_chambers, grunt_ministairs_11, serial_bayou_shore_b
Snake:2:  layout_onion
Snake:3:  layout_gridlike, basic_altar, serial_bayou_lagoon_a, uniq_bai_suzhen
Orc:1:    layout_diamond_mine, basic_altar, nicolae_orc_lava_tube, uniq_fannar
Orc:2:    st_orc_open, layout_diamond_mine, serial_shops, freezing_bzr,
          basic_altar, kennysheep_orc_sif_temple

Skill      XL: |  1  2  3  4  5  6  7  8  9 10 11 12 13 14 15 16 |
---------------+-------------------------------------------------+-----
Dodging        | 2 3 4 5 6 7 8 9 |  9.4
Stealth        | 2 3 4 |  4.9
Fighting       | 1 2 3 4 5 6 7 8 9 |  9.0
Conjurations   | 5 6 7 8 9 10 11 12 | 12.0
Spellcasting   | 3 4 6 7 8 9 10 11 | 11.9
Short Blades   | 1 |  1.6
Translocations | 1 2 3 4 5 6 7 |  7.6
Evocations     | 1 2 3 4 5 6 7 |  7.9
Shields        | 1 2 3 |  3.1
Unarmed Combat | 1 2 3 4 6 8 9 |  9.9
Armour         | 1 2 |  2.7
Invocations    | 2 3 5 6 7 8 9 10 | 10.2
Earth Magic    | 2 3 4 5 6 7 |  7.4
Transmutations | 1 2 3 5 6 |  6.9

Action                   |  1- 3 |  4- 6 |  7- 9 | 10-12 | 13-15 | 16-18 || total
-------------------------+-------+-------+-------+-------+-------+-------++-------
Melee: Unarmed           |    40 |       |       |   487 |   542 |    34 ||  1103
       Punch             |     1 |     2 |     2 |    23 |    30 |     3 ||    61
       Dagger            |       |    48 |   109 |       |       |       ||   157
Throw: Dart              |       |       |       |       |     3 |       ||     3
 Cast: Magic Dart        |    84 |    96 |   173 |    76 |    35 |     1 ||   465
       Searing Ray       |     1 |     6 |    37 |    58 |    41 |       ||   143
       Iskenderun's Myst |       |       |     3 |   104 |   171 |     3 ||   281
       Blade Hands       |       |       |       |     1 |     9 |       ||    10
       Iron Shot         |       |       |       |       |    91 |    92 ||   183
       Manifold Assault  |       |       |       |       |     1 |       ||     1
       Irradiate         |       |       |       |       |       |     2 ||     2
Invok: Slouch            |       |       |       |     2 |     8 |     2 ||    12
Evoke: Wand              |       |       |    10 |     7 |       |       ||    17
       Tin of tremorston |       |       |       |       |     4 |       ||     4
  Use: Potion            |       |     3 |       |       |     4 |     1 ||     8
       Scroll            |       |       |     9 |     5 |    12 |     2 ||    28
 Stab: Paralysed         |       |       |     1 |       |       |       ||     1
       Sleeping          |       |       |     1 |     8 |     7 |       ||    16
Armor: Robe              |    10 |    32 |     7 |       |       |       ||    49
       Leather armour    |       |       |    37 |       |       |       ||    37
       Steam dragon scal |       |       |    24 |   256 |   234 |    18 ||   532
       Skin              |       |       |       |       |    20 |       ||    20
Dodge: Dodged            |    34 |    49 |   136 |   538 |   648 |    78 ||  1483
Block: Other             |     3 |    18 |    24 |   104 |   106 |    11 ||   266

Table legend: (Time is in decaauts)
 A = Elapsed time spent in this place.
 B = Non-inter-level travel time spent in this place.
 C = Inter-level travel time spent in this place.
 D = Time resting spent in this place.
 E = Time spent auto-exploring this place.
 F = Levels seen in this place.
 G = Mean time per level.
                   A        B        C        D        E       F      G
               +--------+--------+--------+--------+--------+-----+--------+
         Total |  48387 |  45438 |   2949 |   1965 |  37413 |  29 | 1668.5 |
       Dungeon |  23315 |  21831 |   1484 |    600 |  18339 |  15 | 1554.3 |
        Temple |    201 |    190 |     11 |      0 |    151 |   1 |  201.0 |
          Lair |  14289 |  13187 |   1102 |     29 |  11088 |   6 | 2381.5 |
     Snake Pit |   6008 |   5808 |    200 |    532 |   4846 |   3 | 2002.7 |
  Orcish Mines |   3233 |   3083 |    150 |    425 |   2251 |   2 | 1616.5 |
        Bazaar |    485 |    485 |      0 |    378 |      0 |   1 |  485.0 |
         Sewer |    854 |    854 |      0 |      0 |    736 |   1 |  854.0 |
               +--------+--------+--------+--------+--------+-----+--------+

Top non-repeatable levels by time:
  Lair:3: 3209 daAuts
  Lair:4: 3102 daAuts
 Snake:2: 3021 daAuts
 Snake:1: 2820 daAuts
  Lair:6: 2749 daAuts
    D:15: 2228 daAuts
    D:14: 2209 daAuts
  Lair:1: 2010 daAuts
  Lair:5: 1879 daAuts
   Orc:2: 1856 daAuts
    D:11: 1841 daAuts
    D:13: 1792 daAuts
     D:1: 1791 daAuts
    D:12: 1724 daAuts
     D:6: 1580 daAuts
